 Dungeon Crawl Stone Soup version 0.20.1-1-g8b1a95d66d (webtiles) character file.

1526 Jynx the Transmogrifier (level 8, 0/64 HPs)
             Began as a Merfolk Transmuter on Jan 1, 2018.
             Was an Initiate of Okawaru.
             Slain by a sky beast (6 damage)
             ... on level 7 of the Dungeon.
             The game lasted 00:14:28 (8870 turns).

Jynx the Transmogrifier (Merfolk Transmuter)        Turns: 8870, Time: 00:14:29

Health: 0/64       AC:  5    Str: 11    XL:     8   Next: 85%
Magic:  11/15      EV: 18    Int: 12    God:    Okawaru [......]
Gold:   287        SH:  0    Dex: 21    Spells: 2/17 levels left

rFire    . . .     SeeInvis .     - Unarmed
rCold    . . .     Gourm    .   (no shield)
rNeg     . . .     Faith    .   b - +1 robe
rPois    .         Spirit   .   (no helmet)
rElec    .         Reflect  .   (no cloak)
rCorr    .         Harm     .   q - +0 pair of gloves
MR       +....                  j - +0 pair of boots
Stlth    ++++......             (no amulet)
Regen    0.2/turn               m - ring of protection from magic
MPRegen  0.2/turn               e - ring of stealth

@: agile, lethally poisoned (0 -> -12)
A: change form in water, swift swim, stealthy swim
a: Renounce Religion


You were on level 7 of the Dungeon.
You worshipped Okawaru.
Okawaru was noncommittal.
You were near starving.

You visited 2 branches of the dungeon, and saw 8 of its levels.

You collected 287 gold pieces.

Inventory:

Missiles
 a - 30 arrows
Armour
 b - a +1 robe (worn)
 j - a +0 pair of boots (worn)
 q - a +0 pair of gloves (worn)
Jewellery
 e - a ring of stealth (right hand)
 l - a +3 amulet of reflection {unknown}
 m - a ring of protection from magic (left hand)
Wands
 d - a wand of confusion (22/48)
 v - a wand of random effects (21/48)
Scrolls
 f - 5 scrolls of magic mapping
 g - a scroll of amnesia
 o - a scroll of recharging
 u - a scroll of enchant weapon
 y - a scroll of teleportation
Potions
 p - 2 potions of might {unknown}
 r - a potion of magic {unknown}
 s - a potion of heal wounds {unknown}
Books
 c - a book of Changes

   Spells                             Type                      Level
   a - Beastly Appendage              Transmutation                1
   b - Sticks to Snakes               Transmutation                2
   c - Spider Form                    Transmutation/Poison         3
   d - Ice Form                       Ice/Transmutation            4
   e - Blade Hands                    Transmutation                5
Comestibles
 h - 2 meat rations
 i - 5 fruits
 n - 3 royal jellies
 t - 3 bread rations


   Skills:
 + Level 5.8 Fighting
 - Level 2.6 Dodging
 + Level 3.5 Unarmed Combat
 + Level 5.0 Spellcasting
 * Level 10.0 Transmutations
 - Level 2.0 Poison Magic


You had 2 spell levels left.
You knew the following spells:

 Your Spells              Type           Power        Failure   Level  Hunger
a - Beastly Appendage     Tmut           ####..       1%          1    None
b - Sticks to Snakes      Tmut           ####....     1%          2    ##.....
c - Spider Form           Tmut/Pois      ###.......   4%          3    ###....
d - Blade Hands           Tmut           ####......   9%          5    ######.
e - Ice Form              Ice/Tmut       ###.....     26%         4    ####...


Dungeon Overview and Level Annotations

Branches:
Dungeon (7/15)             Temple (1/1) D:5

Altars:
Dithmenos
Elyvilon
Fedhas
Hepliaklqana
Nemelex Xobeh
Okawaru
Vehumet
Xom
Yredelemnul


Message History

The scorpion poisons you!
The sky beast hits you but does no damage.
You barely miss the sky beast.
You feel sick. The scorpion stings you.
* * * LOW HITPOINT WARNING * * *
You are more poisoned.
The scorpion poisons you! The sky beast hits you.
* * * LOW HITPOINT WARNING * * *
The sky beast shocks you.
* * * LOW HITPOINT WARNING * * *
You feel agile all of a sudden.
Your hands revert to their normal proportions.
Your +0 pair of gloves unmelds from your body.
* * * LOW HITPOINT WARNING * * *
You feel sick. The scorpion completely misses you.
The sky beast flickers out of sight!
Deactivating autopickup; reactivate with Ctrl-A.
Something hits you.
* * * LOW HITPOINT WARNING * * *
Something shocks you.
You die...

#...# ##... .#
#...# .
..####...# ###..
....#..<.##....#
#........(...#
##.........###
##.......###
##.....{@##
#......s.#
....#....#
...#......#
..#.........
.##..........
#....<.......#
........#......
.......##......


You could see a scorpion.

Vanquished Creatures
  Grinder (D:6)
  Edmund (D:5)
  2 necrophages (D:6)
  An ogre (D:4)
  A bullfrog (D:6)
  A wyvern skeleton (D:7)
  2 scorpions
  The ghost of Alannah the Sneak, a weakling DsMo (D:3)
  A howler monkey (D:6)
  A quasit (D:6)
  2 orc priests
  A bullfrog skeleton (D:6)
  A jelly (D:6)
  2 orc wizards
  Natasha (D:2)
  An iguana (D:4)
  A worker ant (D:4)
  Robin (D:4)
  7 adders
  A shadow imp (D:5)
  3 oozes
  2 adder skeletons
  2 worms
  A dart slug (D:3)
  4 leopard geckos
  8 orcs
  7 giant cockroaches
  18 goblins
  10 hobgoblins
  10 jackals
  2 quokkas
  5 bats
  4 frilled lizards
  A jackal zombie (D:6)
  8 kobolds
  A leopard gecko zombie (D:5)
  A quokka skeleton (D:5)
  9 rats
126 creatures vanquished.

Vanquished Creatures (collateral kills)
  A phantom (D:4)
  The ghost of Noxor the Insei, an amateur MfTm (D:4)
  Ijyb (D:4)
  Natasha (twice) (D:2)
  A shadow imp (D:4)
  An orc (D:3)
  2 bats (D:3)
  A giant cockroach (D:3)
  A jackal (D:2)
  A kobold (D:2)
  A rat (D:3)
13 creatures vanquished.

Grand Total: 139 creatures vanquished

Notes
Turn   | Place    | Note
-------+----------+-------------------------------------------
     0 | D:1      | Jynx the Merfolk Transmuter began the quest for the Orb.
     0 | D:1      | Reached XP level 1. HP: 15/15 MP: 3/3
   149 | D:1      | Reached skill level 3 in Transmutations
   168 | D:1      | Reached XP level 2. HP: 21/21 MP: 3/5
   690 | D:1      | Learned a level 2 spell: Sticks to Snakes
  1183 | D:2      | Reached XP level 3. HP: 26/27 MP: 4/6
  1507 | D:2      | Noticed Natasha
  1519 | D:2      | Killed Natasha
  1519 | D:2      | Reached skill level 4 in Transmutations
  1625 | D:2      | Reached XP level 4. HP: 33/33 MP: 5/7
  1630 | D:2      | Learned a level 3 spell: Spider Form
  1723 | D:2      | Noticed Natasha
  1739 | D:2      | Killed Natasha
  2162 | D:3      | Reached skill level 1 in Poison Magic
  2165 | D:3      | Noticed Alannah's ghost (weakling DsMo)
  2198 | D:2      | Noticed Natasha
  2204 | D:2      | Killed Natasha
  2204 | D:2      | Reached XP level 5. HP: 17/39 MP: 6/9
  2426 | D:3      | Reached skill level 5 in Transmutations
  2696 | D:3      | Killed Alannah's ghost
  2914 | D:3      | Reached XP level 6. HP: 36/47 MP: 6/10
  2994 | D:3      | Learned a level 5 spell: Blade Hands
  3523 | D:4      | Noticed Noxor's ghost (amateur MfTm)
  3539 | D:4      | Killed Noxor's ghost
  3539 | D:4      | Reached skill level 6 in Transmutations
  4175 | D:4      | Noticed Ijyb
  4199 | D:4      | Killed Ijyb
  4357 | D:4      | Noticed a phantom
  4729 | D:4      | Killed a phantom
  4729 | D:4      | Reached XP level 7. HP: 40/53 MP: 7/12
  5085 | D:4      | Noticed Robin
  5101 | D:4      | Killed Robin
  5101 | D:4      | Reached skill level 7 in Transmutations
  6286 | D:5      | Entered Level 5 of the Dungeon
  6406 | D:5      | Noticed Edmund
  6496 | D:5      | Killed Edmund
  6496 | D:5      | Reached skill level 8 in Transmutations
  6766 | D:5      | Reached XP level 8. HP: 56/61 MP: 8/14
  6931 | D:5      | Found a staircase to the Ecumenical Temple.
  6937 | Temple   | Entered the Ecumenical Temple
  6946 | Temple   | Became a worshipper of Warmaster Okawaru
  7422 | D:6      | Reached skill level 5 in Fighting
  7451 | D:6      | Noticed Grinder
  7967 | D:6      | Reached skill level 9 in Transmutations
  8088 | D:6      | Killed Grinder
  8789 | D:6      | Learned a level 4 spell: Ice Form
  8862 | D:7      | Reached skill level 5 in Spellcasting
  8862 | D:7      | Reached skill level 10 in Transmutations
  8870 | D:7      | Slain by a sky beast

Skill      XL: |  1  2  3  4  5  6  7  8 |
---------------+-------------------------+-----
Transmutations | 3 4 5 6 8 10 | 10.0
Fighting       | 2 3 4 5 |  5.8
Poison Magic   | 1 2 |  2.0
Spellcasting   | 3 4 5 |  5.0
Dodging        | |  2.6
Unarmed Combat | |  3.5

Action                   |  1- 3 |  4- 6 |  7- 9 || total
-------------------------+-------+-------+-------++-------
Melee: Unarmed           |    68 |   217 |   220 ||   505
       Headbutt          |     7 |    37 |    17 ||    61
       Punch             |     1 |     4 |     3 ||     8
 Cast: Beastly Appendage |    20 |    31 |    19 ||    70
       Sticks to Snakes  |     4 |    32 |     5 ||    41
       Spider Form       |       |     2 |     2 ||     4
       Blade Hands       |       |       |    12 ||    12
  Use: Scroll            |     3 |     6 |     5 ||    14
       Potion            |       |     1 |     2 ||     3
 Stab: Sleeping          |     1 |       |     6 ||     7
       Distracted        |       |     2 |       ||     2
  Eat: Chunk             |     3 |     6 |    18 ||    27
       Fruit             |       |     1 |     2 ||     3
       Bread ration      |       |     1 |       ||     1
Armor: Robe              |     9 |    28 |    38 ||    75
       Skin              |       |       |    21 ||    21
Dodge: Dodged            |    43 |   156 |   143 ||   342
